 Dungeon Crawl Stone Soup version 0.17.1-1-g73c8601 (webtiles) character file.

56 JustSomeDude the Sneak (level 3, -1/28 HPs)
             Began as a Demonspawn Assassin on Dec 16, 2015.
             Slain by a kobold
             ... wielding a +2 short sword of speed
              (5 damage)
             ... on level 3 of the Dungeon.
             The game lasted 00:05:19 (1435 turns).

JustSomeDude the Sneak (Demonspawn Assassin)        Turns: 1435, Time: 00:05:20

Health: -1/28      AC:  3    Str: 11    XL:     3   Next: 71%
Magic:  3/3        EV: 12    Int: 12    God:
Gold:   124        SH:  0    Dex: 15    Spells: 0 memorised, 2 levels left

rFire  . . .     SeeInvis .     a - +2 dagger
rCold  . . .     Clarity  .     c - +0 robe
rNeg   . . .     SustAt   .     (no shield)
rPois  .         Gourm    .     (helmet restricted)
rElec  .         Spirit   .     d - +0 cloak
rCorr  .         Warding  .     (no gloves)
rMut   .         Stasis   .     (no boots)
MR     .....                    (no amulet)
Stlth  +++.......               (no ring)
                                (no ring)

@: slowed, very slow, not resistant to hostile enchantments, fairly stealthy
A: antennae 1, powered by death 1
a: no special abilities


You were on level 3 of the Dungeon.
You were not hungry.

You visited 1 branch of the dungeon, and saw 3 of its levels.

You collected 124 gold pieces.

Inventory:

Hand Weapons
 a - a +2 dagger (weapon)
 b - a +0 blowgun
Missiles
 e - 17 poisoned needles
 f - 2 curare-tipped needles
 u - 14 sling bullets
 v - 15 silver bolts
Armour
 c - a +0 robe (worn)
 d - a +0 cloak (worn)
Scrolls
 j - 3 scrolls of noise
 m - 2 scrolls of identify
 r - a scroll of magic mapping
 t - a scroll of remove curse
Potions
 h - a potion of haste {unknown}
 i - a potion of curing {unknown}
 k - a potion of brilliance {unknown}
 l - a potion of might {unknown}
 o - a potion of heal wounds {unknown}
 s - a potion of ambrosia {unknown}
Comestibles
 g - 3 bread rations
 n - a slice of pizza
 w - 5 fruits


   Skills:
 + Level 2.3 Fighting
 + Level 2.1 Short Blades
 + Level 2.1 Throwing
 + Level 1.1 Dodging
 + Level 4.4 Stealth


You had 2 spell levels left.
You didn't know any spells.

Dungeon Overview and Level Annotations

Branches:
Dungeon (3/15)

Altars:

Annotations:
D:3 Natasha


Innate Abilities, Weirdness & Mutations

You have a pair of small antennae on your head.
You regenerate a little health from kills.


Message History

Natasha barely misses you. The kobold completely misses you.
You hit Natasha but do no damage.
Natasha is severely wounded.
Natasha closely misses you. The kobold closely misses you.
You hit Natasha.
Natasha is almost dead.
The kobold hits you with a short sword of speed.
* * * LOW HITPOINT WARNING * * *
Natasha barely misses you.
You are too injured to fight recklessly!
You barely miss Natasha.
Natasha is almost dead.
The kobold hits you with a short sword of speed.
* * * LOW HITPOINT WARNING * * *
Natasha casts a spell at you.
You feel yourself slow down.
You miss Natasha.
Natasha is almost dead.
The kobold hits you with a short sword of speed.
You die...

..
###########..
#...(........
#......<.....
#............
#..........$.
##
#....hK.....#
. #.@# . #.##
. #ยง# #.#
######.#
##### ...#..#
##...##
#.#.####
#.....# ##
#......#
#.....# .##
##.#####
###...#####


You could see Natasha and a kobold.

Vanquished Creatures
  An adder (D:1)
  A worm (D:3)
  An orc (D:3)
  2 giant cockroaches
  6 goblins
  6 hobgoblins
  2 jackals (D:1)
  6 kobolds
  A ball python (D:2)
  5 bats
  3 giant geckos
  2 giant newts (D:1)
  A quokka (D:2)
  5 rats (D:1)
42 creatures vanquished.

Notes
Turn   | Place    | Note
--------------------------------------------------------------
     0 | D:1      | JustSomeDude the Demonspawn Assassin began the quest for the Orb.
     0 | D:1      | Reached XP level 1. HP: 16/16 MP: 1/1
   254 | D:1      | Gained mutation: You have a pair of small antennae on your head. [demonic ancestry]
   254 | D:1      | Reached XP level 2. HP: 8/22 MP: 2/2
   550 | D:1      | Reached skill level 1 in Dodging
   587 | D:1      | Reached skill level 4 in Stealth
   768 | D:1      | Gained mutation: You regenerate a little health from kills. [demonic ancestry]
   768 | D:1      | Reached XP level 3. HP: 15/27 MP: 3/3
  1419 | D:3      | Noticed Natasha
  1435 | D:3      | Slain by a kobold

Action                   || total
-------------------------++-------
Melee: Dagger            ||   136
  Use: Scroll            ||     7
 Stab: Sleeping          ||    14
  Eat: Bread ration      ||     1
